 Dungeon Crawl Stone Soup version 0.29.1-15-g9cfb28693d (webtiles) character file.

Game seed: 1658786286031137754

5 croobank the Firebug (level 1, 0/13 HPs)
             Began as a Demonspawn Fire Elementalist on Mar 21, 2023.
             Slain by a jackal (1 damage)
             ... on level 1 of the Dungeon.
             The game lasted 00:00:51 (139 turns).

croobank the Firebug (Demonspawn Fire Elementalist)  Turns: 139, Time: 00:00:52

Health: 0/13       AC:  2    Str:  8    XL:     1   Next: 66%
Magic:  1/3        EV: 12    Int: 16    God:
Gold:   0          SH:  0    Dex: 13    Spells: 3/4 levels left

rFire   . . .      SeeInvis .   (no weapon)
rCold   . . .      Faith    .   (no shield)
rNeg    . . .      Spirit   .   a - +0 robe
rPois   .          Reflect  .   (no helmet)
rElec   .          Harm     .   (no cloak)
rCorr   .          Rampage  .   (no gloves)
Will    .....                   (no boots)
Stlth   ++........              (no amulet)
HPRegen 0.04/turn               (no ring)
MPRegen 0.08/turn               (no ring)

@: no status effects
A: no striking features
a: no special abilities


You were on level 1 of the Dungeon.
You visited 1 branch of the dungeon, and saw 2 of its levels.

Inventory:

Armour
 a - a +0 robe (worn)
Scrolls
 c - a scroll of magic mapping {unknown}


   Skills:
 + Level 1.9 Dodging
 + Level 1.9 Stealth
 + Level 2.0 Spellcasting
 + Level 1.1 Conjurations
 + Level 2.7 Fire Magic


You had 3 spell levels left.
You knew the following spells:

 Your Spells              Type           Power      Damage    Failure   Level
a - Foxfire               Conj/Fire      28%        2x1d5     10%         1

Your spell library contained the following spells:

 Spells                   Type           Power      Damage    Failure   Level
 Scorch                   Fire           20%        2d6       10%         2
 Conjure Flame            Conj/Fire      7%         6-21      28%         3
 Inner Flame              Hex/Fire       6%         N/A       34%         3
 Flame Wave               Conj/Fire      7%         2d5       67%         4


Dungeon Overview and Level Annotations

Branches:
Dungeon (2/15)

Altars:


Message History

You conjure some foxfire!
The jackal barely misses you. The jackal bites you.
The jackal closely misses you. Magic courses through your body.
The foxfire hits the jackal.
The jackal is heavily wounded.
The foxfire hits the jackal but does no damage.
The jackal closely misses you. The jackal barely misses you. x2
The jackal closely misses you. The jackal barely misses you.
The jackal bites you.
Casting: Foxfire (safe; 10% risk of failure)
Confirm with . or Enter, or press ? or * to list all spells.
You conjure some foxfire!
The jackal bites you but does no damage.
The jackal closely misses you.
The jackal bites you but does no damage.
You barely miss the jackal.
The foxfire hits the jackal.
The jackal is almost dead.
The foxfire hits the jackal.
The jackal is lightly wounded.
The jackal closely misses you. The jackal bites you.
The jackal barely misses you. x3; The jackal closely misses you.
You barely miss the jackal.
The jackal is almost dead.
The jackal completely misses you.
The jackal bites you but does no damage.
The jackal bites you.
* * * LOW HITPOINT WARNING * * *
Casting: Foxfire (safe; 10% risk of failure)
Confirm with . or Enter, or press ? or * to list all spells.
You conjure some foxfire!
The jackal closely misses you. x3
You aren't carrying any potions.
You closely miss the jackal.
The jackal is lightly wounded.
The foxfire hits the jackal but does no damage.
The jackal is lightly wounded.
The foxfire hits the jackal.
You kill the jackal!
The jackal closely misses you.
The jackal pauses to sniff the ground.
The jackal bites you.
You die...

######
#....##########
#....#........#
#....+........#
#..hh#........#
#...@#........#
##+#.†#+#+#...#
#....#.#...#
#.##.......# #
#..........### .##
#.#####.#....##...
.................#
#.##########....##
#. #'####


You could see 2 jackals.

Vanquished Creatures
  2 endoplasms
  2 jackals
  2 bats
6 creatures vanquished.

Vanquished Creatures (others)
  22 foxfires
22 creatures vanquished.

Grand Total: 28 creatures vanquished

Notes
Turn   | Place    | Note
-------+----------+-------------------------------------------
     0 | D:1      | croobank the Demonspawn Fire Elementalist began the quest
                  | for the Orb.
     0 | D:1      | Reached XP level 1. HP: 13/13 MP: 3/3
   139 | D:1      | Slain by a jackal

Illustrated notes

Levels and vault maps discovered:
D:1:      beargit_arrival_diablo_church, layout_basic
D:2:      layout_basic, basic_altar, uniq_robin

Action                   || total
-------------------------++-------
Melee: Unarmed           ||     3
 Cast: Foxfire           ||    12
  Use: Potion            ||     1
Armor: Robe              ||     6
Dodge: Dodged            ||    28
